 Dungeon Crawl Stone Soup version 0.18.1-8-gdd0e5ea (webtiles) character file.

876 Scarto the Skirmisher (level 7, -16/56 HPs)
             Began as a Demonspawn Fighter on June 6, 2016.
             Demolished by an orc warrior
             ... wielding a +0 battleaxe
              (19 damage)
             ... on level 5 of the Dungeon.
             The game lasted 00:07:45 (4009 turns).

Scarto the Skirmisher (Demonspawn Fighter)          Turns: 4009, Time: 00:07:45

Health: -16/56     AC: 11    Str: 26    XL:     7   Next: 74%
Magic:  7/7        EV:  4    Int:  9    God:
Gold:   77         SH: 15    Dex: 13    Spells: 0 memorised, 6 levels left

rFire  . . .     SeeInvis .     a - +0 war axe
rCold  . . .     Gourm    .     e - +1 chain mail
rNeg   . . .     Faith    .     f - +0 large shield of Slovenliness {rElec Str+4 Stlth+} (curse)
rPois  .         Spirit   .     (no helmet)
rElec  +         Dismiss  .     (no cloak)
rCorr  .         Reflect  .     (no gloves)
SustAt .         Harm     .     (no boots)
MR     +....                    (no amulet)
Stlth  ..........               o - +4 ring of strength
                                q - ring of protection from magic

@: somewhat resistant to hostile enchantments, extremely unstealthy
A: claws 1, molten scales 1, blurry vision 1, powered by death 1, electricity
resistance, wild magic 1
a: no special abilities


You were on level 5 of the Dungeon.
You were very full.

You visited 1 branch of the dungeon, and saw 6 of its levels.

You collected 295 gold pieces.
You spent 218 gold pieces at shops.

Inventory:

Hand Weapons
 a - a +0 war axe (weapon)
Armour
 e - a +1 chain mail (worn)
 f - the cursed +0 large shield of Slovenliness (worn) {rElec Str+4 Stlth+}
   (You bought it in a shop on level 5 of the Dungeon)

   It affects your strength (+4).
   It insulates you from electricity.
   It makes you more stealthy.
   It has a curse placed upon it.
Jewellery
 d - a +3 ring of intelligence
 o - a +4 ring of strength (right claw)
 q - a ring of protection from magic (left claw)
Scrolls
 l - a scroll of enchant weapon {unknown}
 m - 4 scrolls of remove curse
Potions
 b - a potion of haste {unknown}
 h - 2 potions of might
 i - a potion of berserk rage
 k - 2 potions of flight
 s - a potion of lignification
 t - a potion of agility
Comestibles
 c - a bread ration
 g - 2 beef jerkies
 j - a meat ration
 n - a slice of pizza


   Skills:
 + Level 5.2 Fighting
 + Level 4.6 Axes
 + Level 4.6 Armour
 + Level 4.7 Shields


You had 6 spell levels left.
You didn't know any spells.

Dungeon Overview and Level Annotations

Branches:
Dungeon (6/15)             Temple (0/1) D:4

Altars:

Shops:
D:5 [[[*

Annotations:
D:6 Krapule's ghost, novice DsMo


Innate Abilities, Weirdness & Mutations

You have sharp fingernails.
You are partially covered in molten scales (AC +1).
You regenerate a little health from kills.
Scrolls take you a little longer to read.
You are resistant to electric shocks.
Your spells are a little harder to cast, but a little more powerful.


Message History

The orc warrior hits you with a battleaxe.
* * * LOW HITPOINT WARNING * * *
You closely miss the orc warrior.
The orc warrior is heavily wounded.
You hit the orc.
You kill the orc!
You block the orc warrior's attack. You block the orc's attack.
You barely miss the orc warrior.
The orc warrior is heavily wounded.
You barely miss the orc. You block the orc warrior's attack.
You block the orc's attack.
Your shield and chain mail prevent you from hitting the orc warrior.
The orc warrior is heavily wounded.
You hit the orc but do no damage. The orc hits you with a short sword.
* * * LOW HITPOINT WARNING * * *
The orc warrior hits you with a battleaxe!
* * * LOW HITPOINT WARNING * * *
The orc hits you but does no damage.
The orc warrior hits you with a battleaxe!!
You die...

####...#.............
#......#.###.........
#........# #.........
#....#...# #.........
#....#.#.# #.........
#....#.#.# #.########
#......#.###.########
#∩...o...............
####@#...###.##.#####
#o#.#####.†).)..##
###F........†)∩.....
#.......#....).⌠....
#....##.#.##........
#.......#.#.........
#....####.#.........
#....#......########
#....#......#


You could see an orc warrior, a giant frog and an orc.

Vanquished Creatures
  A water moccasin (D:5)
  A phantom (D:4)
  A centaur (D:5)
  A giant frog (D:5)
  A water moccasin skeleton (D:4)
  2 crimson imps (D:5)
  An orc priest (D:3)
  2 hounds
  An orc wizard (D:3)
  4 worker ants
  2 hound zombies (D:5)
  A worker ant zombie (D:4)
  Robin (D:2)
  4 gnolls (D:5)
  4 adders
  2 oozes (D:1)
  An adder zombie (D:5)
  3 worms
  A dart slug (D:1)
  A giant gecko (D:2)
  2 orcs
  6 bats
  A giant cockroach (D:2)
  14 goblins
  10 hobgoblins
  3 jackals (D:1)
  3 kobolds
  A ball python (D:1)
  A giant gecko skeleton (D:4)
  4 giant newts
  A jackal skeleton (D:4)
  2 rats (D:2)
83 creatures vanquished.

Notes
Turn   | Place    | Note
--------------------------------------------------------------
     0 | D:1      | Scarto the Demonspawn Fighter began the quest for the Orb.
     0 | D:1      | Reached XP level 1. HP: 18/18 MP: 1/1
   170 | D:1      | Gained mutation: You have sharp fingernails. [demonic ancestry]
   170 | D:1      | Reached XP level 2. HP: 21/24 MP: 2/2
   626 | D:2      | Noticed Robin
   628 | D:2      | Gained mutation: You are partially covered in molten scales (AC +1). [demonic ancestry]
   628 | D:2      | Reached XP level 3. HP: 25/29 MP: 3/3
   643 | D:2      | Killed Robin
   900 | D:2      | Reached XP level 4. HP: 6/35 MP: 4/4
  1685 | D:3      | Reached XP level 5. HP: 3/42 MP: 5/5
  2286 | D:4      | Noticed a phantom
  2312 | D:4      | Killed a phantom
  2312 | D:4      | Reached skill level 4 in Fighting
  2344 | D:4      | Found a staircase to the Ecumenical Temple.
  2389 | D:4      | Gained mutation: You regenerate a little health from kills. [demonic ancestry]
  2389 | D:4      | Reached XP level 6. HP: 43/48 MP: 6/6
  3022 | D:5      | Entered Level 5 of the Dungeon
  3023 | D:5      | Noticed a water moccasin
  3037 | D:5      | Killed a water moccasin
  3539 | D:5      | Gained mutation: Your spells are a little harder to cast, but a little more powerful. [potion of mutation]
  3539 | D:5      | Gained mutation: Scrolls take you a little longer to read. [potion of mutation]
  3539 | D:5      | Gained mutation: You are resistant to electric shocks. [potion of mutation]
  3566 | D:5      | Found Heziulox's Antique Armour Emporium.
  3573 | D:5      | Bought a slimy large shield for 218 gold pieces
  3583 | D:5      | Identified the cursed +0 large shield of Slovenliness {rElec Str+4 Stlth+} (You bought it in a shop on level 5 of the Dungeon)
  3597 | D:5      | Found Waigoir's Assorted Antiques.
  3610 | D:5      | Reached XP level 7. HP: 52/55 MP: 7/7
  3801 | D:5      | Found Kyeruwul's Armour Shop.
  3818 | D:5      | Reached skill level 5 in Fighting
  3857 | D:5      | Found Vapif's Antique Armour Emporium.
  4000 | D:6      | Noticed Krapule's ghost (novice DsMo)
  4009 | D:5      | Demolished by an orc warrior

Skill      XL: |  1  2  3  4  5  6  7 |
---------------+----------------------+-----
Axes           | 2 3 4 |  4.6
Shields        | 3 4 |  4.7
Armour         | 3 4 |  4.6
Fighting       | 4 5 |  5.2

Action                   |  1- 3 |  4- 6 |  7- 9 || total
-------------------------+-------+-------+-------++-------
Melee: War axe           |   119 |   197 |   103 ||   419
  Use: Potion            |     1 |     7 |       ||     8
       Scroll            |       |     8 |     2 ||    10
  Eat: Fruit             |       |     3 |       ||     3
       Chunk             |       |     3 |       ||     3
       Bread ration      |       |     1 |     2 ||     3
Armor: Chain mail        |   107 |   122 |    59 ||   288
       Scale mail        |     4 |       |       ||     4
Dodge: Dodged            |    25 |    38 |    15 ||    78
Block: Shield            |    73 |   107 |       ||   180
       Large shield      |       |     9 |   102 ||   111
